 Dungeon Crawl Stone Soup version 0.29.0-11-gd7f09526c8 (webtiles) character file.

Game seed: 16906204418630041915

332 pacmanke6689 the Ruffian (level 6, -6/54 HPs)
             Began as a Troll Earth Elementalist on Sept 6, 2022.
             Mangled by a polar bear (8 damage)
             ... created by the rage of Trog
             ... on level 4 of the Dungeon.
             The game lasted 00:09:14 (2049 turns).

pacmanke6689 the Ruffian (Troll Earth Elementalist) Turns: 2049, Time: 00:09:16

Health: -6/54      AC:  4    Str: 15 (17) XL:     6   Next: 26%
Magic:  4/7        EV: 10    Int: 10 (11) God:
Gold:   68         SH:  0    Dex:  9 (12) Spells: 6/8 levels left

rFire   . . .      SeeInvis .     - Unarmed
rCold   . . .      Faith    .   (no shield)
rNeg    . . .      Spirit   .   a - +0 robe
rPois   .          Reflect  .   (helmet restricted)
rElec   .          Harm     .   (no cloak)
rCorr   .          Rampage  .   (gloves unavailable)
Will    .....                   (boots unavailable)
Stlth   ++........              (no amulet)
HPRegen 0.98/turn               (no ring)
MPRegen 0.10/turn               (no ring)

@: hasted, very quick
A: large, unfitting armour, claws 3, regeneration 1, shaggy fur 1, tough skin 1
a: no special abilities


You were on level 4 of the Dungeon.
You visited 1 branch of the dungeon, and saw 4 of its levels.

You collected 68 gold pieces.

Inventory:

Armour
 a - a +0 robe (worn)
Scrolls
 g - 3 scrolls of magic mapping
Potions
 b - a potion of flight {unknown}
 d - a potion of curing
 e - a potion of might {unknown}
 f - a potion of haste
 h - a potion of attraction {unknown}
 j - a potion of heal wounds {unknown}


   Skills:
 + Level 0.6 Fighting
 + Level 2.6 Dodging
 + Level 1.8 Stealth
 + Level 3.5 Unarmed Combat
 - Level 1.9 Spellcasting
 - Level 0.6 Transmutations
 - Level 3.4 Earth Magic


You had 6 spell levels left.
You knew the following spells:

 Your Spells              Type           Power      Damage    Failure   Level
a - Sandblast             Erth           14%        2d6       8%          1
b - Slow                  Hex            4%         N/A       30%         1

Your spell library contained the following spells:

 Spells                   Type           Power      Damage    Failure   Level
 Passwall                 Tmut/Erth      3%         N/A       22%         2
 Stone Arrow              Conj/Erth      8%         3d7       43%         3
 Confusing Touch          Hex            1%         N/A       67%         3
 Vampiric Draining        Necr           0%         2d6       67%         3
 Petrify                  Tmut/Erth      4%         N/A       80%         4


Dungeon Overview and Level Annotations

Branches:
Dungeon (3/15)

Altars:
Trog


Innate Abilities, Weirdness & Mutations

You are too large for most types of armour.
You have claws for hands.
Your natural rate of healing is unusually fast.
You are covered in fur. (AC +1)
You have tough skin. (AC +1)


Message History

You start resting.
You feel yourself slow down.
You start resting.
Trog sends monsters to punish you.
A polar bear and 2 black bears come into view.
You feel yourself speed up.
You scratch the black bear.
You claw the black bear, but do no damage.
The black bear is lightly wounded.
You scratch the black bear but do no damage.
The black bear is lightly wounded.
The black bear barely misses you. The black bear closely misses you.
The black bear claws you but does no damage.
The polar bear barely misses you. The polar bear claws you. x2
You barely miss the black bear.
The black bear is lightly wounded.
The polar bear bites you. The polar bear barely misses you. x2
The black bear bites you! The black bear barely misses you.
The black bear claws you.
* * * LOW HITPOINT WARNING * * *
You hear a shout!
Unknown command.
You barely miss the black bear.
The black bear is lightly wounded.
The black bear bites you.
* * * LOW HITPOINT WARNING * * *
The black bear claws you but does no damage.
The black bear claws you.
* * * LOW HITPOINT WARNING * * *
The polar bear closely misses you. The polar bear barely misses you. x2
The black bear barely misses you.
The black bear claws you but does no damage.
The black bear barely misses you.
You scratch the black bear.
The black bear is moderately wounded.
The black bear bites you but does no damage.
The black bear claws you.
* * * LOW HITPOINT WARNING * * *
The black bear closely misses you. The polar bear bites you!
You die...

# .## ##
....
##h#...##
#@h......
#h#.#..##
#.# # #.#
#.# #.#
#.# #.#
...


You could see a polar bear (berserk) and 2 black bears.

Vanquished Creatures
  Sigmund (D:2)
  A scorpion (D:4)
  Robin (D:2)
  3 adders (D:2)
  2 worms (D:2)
  2 dart slugs (D:2)
  3 ball pythons (D:1)
  5 bats
  4 endoplasms
  2 giant cockroaches
  13 goblins
  5 hobgoblins
  3 jackals (D:1)
  3 quokkas
  5 frilled lizards (D:1)
  3 kobolds
  4 rats
60 creatures vanquished.

Vanquished Creatures (others)
  A withered plant (D:2)
1 creature vanquished.

Grand Total: 61 creatures vanquished

Notes
Turn   | Place    | Note
-------+----------+-------------------------------------------
     0 | D:1      | pacmanke6689 the Troll Earth Elementalist began the quest
                  | for the Orb.
     0 | D:1      | Reached XP level 1. HP: 16/16 MP: 1/1
   115 | D:1      | Learned a level 1 spell: Slow
   118 | D:1      | Reached XP level 2. HP: 24/24 MP: 0/3
   657 | D:1      | Reached XP level 3. HP: 31/31 MP: 4/4
   777 | D:2      | Noticed Robin
   859 | D:2      | Killed Robin
  1024 | D:2      | Reached XP level 4. HP: 40/40 MP: 5/5
  1060 | D:2      | Reached skill level 1 in Unarmed Combat
  1421 | D:2      | Found a faded altar of an unknown god.
  1434 | D:2      | Prayed at the altar of an unknown god.
  1434 | D:2      | Became a worshipper of Trog the Wrathful
  1434 | D:2      | Reached * piety under Trog
  1435 | D:2      | Fell from the grace of Trog
  1528 | D:2      | Noticed Sigmund
  1536 | D:2      | Killed Sigmund
  1537 | D:2      | Reached XP level 5. HP: 46/46 MP: 0/6
  1907 | D:2      | Reached XP level 6. HP: 53/54 MP: 2/7
  1932 | D:2      | Noticed a polar bear
  1982 | D:3      | You fall into a shaft and drop 1 floor!
  1998 | D:4      | HP: 2/54 [poisoned by a scorpion]
  2044 | D:4      | Noticed a polar bear
  2049 | D:4      | HP: 2/54 [black bear[the rage of Trog] (3)]
  2049 | D:4      | Mangled by a polar bear

Illustrated notes

Levels and vault maps discovered:
D:1:      dpeg_arrival_yet_another_circle, layout_basic
D:2:      layout_basic, ebering_ecumenical_altar_petrified, minivault_23,
          kennysheep_generic_room_3, uniq_sigmund, uniq_robin
D:3:      kennysheep_big_flooded_room, layout_basic,
          mainiacjoe_overflow_small_starburst, minmay_three_crescents
D:4:      layout_loops_ring, yredelemnul_forgotten_temple_becter,
          okawaru_metal_pillars_1_2, minmay_temple_entry_tees, serial_shops,
          shop, uniq_eustachio

Skill      XL: |  1  2  3  4 |
---------------+-------------+-----
Earth Magic    | 3 |  3.4
Unarmed Combat | 3 |  3.5
Dodging        | 2 |  2.6
Fighting       | |  0.6
Stealth        | |  1.8
Spellcasting   | |  1.9
Transmutations | |  0.6

Action                   |  1- 3 |  4- 6 || total
-------------------------+-------+-------++-------
Melee: Unarmed           |    75 |    49 ||   124
       Punch             |     1 |     1 ||     2
 Cast: Sandblast         |    29 |    19 ||    48
       Slow              |       |    17 ||    17
Invok: Renounce Religion |       |     1 ||     1
  Use: Potion            |     1 |     4 ||     5
       Scroll            |       |     2 ||     2
 Stab: Sleeping          |     1 |       ||     1
Armor: Robe              |    47 |    25 ||    72
Dodge: Dodged            |    64 |    44 ||   108
